 Dungeon Crawl Stone Soup version 0.24.0-13-gcf9b3192b9 (webtiles) character file.

Game seed: 16144135889126688308, levelgen mode: deterministic

46 Alabard the Caller (level 3, 0/19 HPs)
             Began as a Tengu Summoner on Nov 9, 2019.
             Succumbed to an adder's poison
             ... on level 2 of the Dungeon.
             The game lasted 00:04:07 (1043 turns).

Alabard the Caller (Tengu Summoner)                 Turns: 1043, Time: 00:04:07

Health: 0/19       AC:  2    Str: 13    XL:     3   Next: 66%
Magic:  5/7        EV: 18    Int: 21    God:
Gold:   58         SH:  0    Dex: 19    Spells: 5/6 levels left

rFire    . . .     SeeInvis .   e - +0 spear
rCold    . . .     Gourm    .   (no shield)
rNeg     . . .     Faith    .   a - +0 robe
rPois    .         Spirit   .   (helmet restricted)
rElec    .         Reflect  .   (no cloak)
rCorr    .         Harm     .   (no gloves)
MR       .....                  (boots unavailable)
Stlth    +++.......             (no amulet)
HPRegen  0.06/turn              (no ring)
MPRegen  0.10/turn              (no ring)

@: mighty, brilliant, agile, lethally poisoned (0 -> -8), very slightly
contaminated, invisible
A: beak, talons 3
a: no special abilities


You were on level 2 of the Dungeon.
You were hungry.

You visited 1 branch of the dungeon, and saw 2 of its levels.

You collected 58 gold pieces.

Inventory:

Hand Weapons
 e - a +0 spear (weapon)
Missiles
 j - 22 poisoned darts (quivered)
Armour
 a - a +0 robe (worn)
Jewellery
 i - an uncursed ring of wizardry {unknown}
Potions
 d - a potion of invisibility
Comestibles
 c - 4 rations


   Skills:
 - Level 0.2 Fighting
 + Level 2.5 Dodging
 + Level 2.3 Stealth
 + Level 2.2 Spellcasting
 + Level 5.7 Summonings


You had 5 spell levels left.
You knew the following spells:

 Your Spells              Type           Power        Failure   Level  Hunger
a - Summon Small Mammal   Summ           ####         1%          1    #......

Your spell library contained the following spells:

 Spells                   Type           Power        Failure   Level  Hunger
 Call Imp                 Summ           #####...     1%          2    ##.....
 Call Canine Familiar     Summ           #####...     1%          3    ###....
 Summon Guardian Golem    Hex/Summ       ####....     1%          3    ###....
 Summon Ice Beast         Ice/Summ       ####....     5%          4    #####..
 Summon Lightning Spire   Summ/Air       ####....     5%          4    #####..


Dungeon Overview and Level Annotations

Branches:
Dungeon (2/15)

Altars:


Innate Abilities, Weirdness & Mutations

You have a beak for a mouth.
You have claws for feet.


Message History

It was a potion of brilliance.
You feel clever all of a sudden.
* * * LOW HITPOINT WARNING * * *
You feel sick.
Your bat closely misses the adder.
The adder misses you.
Your rat closely misses the adder.
Your rat misses the adder. The adder barely misses you.
It was a potion of might.
You feel very mighty all of a sudden.
Your bat closely misses the adder.
Your rat bites the adder.
The adder dies!
There is a lethal amount of poison in your body!
Okay, then.
As you read the scroll labeled XAGAGU SUDI, it crumbles to dust.
You feel blessed for a moment.
It was a scroll of remove curse.
* * * LOW HITPOINT WARNING * * *
You feel sick.
As you read the scroll labeled GOZITI WYLL, it crumbles to dust.
You hear a loud clanging noise!
It was a scroll of noise.
You die...

#. #.# #.# #?#
# #.# #.#.#
#.#.##########.
#.....r@.......
#.#.#.r########
#.#.b# #..#...#
#.###..# # ##.#
##.##.# #.#
##.#.# ##.#
##....#.#
#<###.......#


You could see a friendly bat and 2 friendly rats.

Vanquished Creatures
  An adder (D:2)
  A dart slug (D:1)
  4 bats (D:1)
  2 giant cockroaches (D:1)
  A goblin (D:1)
  A hobgoblin (D:1)
  4 kobolds (D:1)
  2 ball pythons (D:1)
  4 frilled lizards (D:1)
20 creatures vanquished.

Vanquished Creatures (collateral kills)
  An adder (D:2)
  A gnoll (D:1)
  A dart slug (D:2)
  A giant cockroach (D:1)
4 creatures vanquished.

Grand Total: 24 creatures vanquished

Notes
Turn   | Place    | Note
-------+----------+-------------------------------------------
     0 | D:1      | Alabard the Tengu Summoner began the quest for the Orb.
     0 | D:1      | Reached XP level 1. HP: 10/10 MP: 4/4
    68 | D:1      | Reached skill level 5 in Summonings
   154 | D:1      | Reached XP level 2. HP: 14/15 MP: 3/6
   500 | D:1      | Reached XP level 3. HP: 19/19 MP: 7/7
  1043 | D:2      | Succumbed to an adder's poison

Levels and vault maps discovered:
D:1:      matt_arrival_los_fun, layout_basic, minmay_tetromino_i4
D:2:      layout_loops_ring, minmay_joined_circles

Skill      XL: |  1 |
---------------+----+-----
Summonings     | 5 |  5.7
Fighting       | |  0.2
Dodging        | |  2.5
Stealth        | |  2.3
Spellcasting   | |  2.2

Action                   || total
-------------------------++-------
Melee: Spear             ||    63
       Dagger            ||     6
       Kick              ||    10
       Peck              ||     4
Throw: Boomerang         ||     4
 Cast: Summon Small Mamm ||    13
  Use: Potion            ||     5
       Scroll            ||     2
 Stab: Sleeping          ||     3
       Invisible         ||     1
Armor: Robe              ||    13
Dodge: Dodged            ||    42
